 Dungeon Crawl Stone Soup version 0.19.5 (webtiles) character file.

4293 Megalobster the Cleaver (level 10, 0/91 HPs)
             Began as a Minotaur Berserker on Apr 15, 2017.
             Was an Elder of Trog.
             Slain by a four-headed hydra (2 damage)
             ... on level 9 of the Dungeon.
             The game lasted 00:29:03 (6670 turns).

Megalobster the Cleaver (Minotaur Berserker)        Turns: 6670, Time: 00:29:05

Health: 0/91       AC: 13    Str: 27    XL:     10   Next: 11%
Magic:  9/9        EV:  8    Int:  4    God:    Trog [****..]
Gold:   236        SH:  5    Dex: 13    Spells: 0 memorised, 9 levels left

rFire  . . .     SeeInvis .     C - +0 war axe (flame)
rCold  . . .     Gourm    .     m - +0 plate armour
rNeg   + . .     Faith    .     N - +0 buckler
rPois  .         Spirit   .     (helmet restricted)
rElec  .         Reflect  .     (no cloak)
rCorr  .         Harm     .     (no gloves)
MR     ++...                    (no boots)
Stlth  ..........               B - amulet of regeneration
                                t - +3 ring of strength
                                s - ring of positive energy

@: lethally poisoned (0 -> 0), exhausted, about to teleport, regenerating,
slowed, very slow
A: retaliatory headbutt, horns 2, agile 1
a: Berserk, Trog's Hand, Brothers in Arms, Burn Spellbooks, Renounce Religion


You were on level 9 of the Dungeon.
You worshipped Trog.
Trog was greatly pleased with you.
You were hungry.

You visited 2 branches of the dungeon, and saw 10 of its levels.
You also visited: Ossuary.

You collected 454 gold pieces.
You spent 218 gold pieces at shops.

Inventory:

Hand Weapons
 C - a +0 war axe of flaming (weapon)
 F - a +0 hunting sling
 G - a +0 shortbow
 O - a +0 spear of venom
 T - a +0 hand crossbow
 W - a +0 hand axe of chopping
Missiles
 d - 243 stones (quivered)
 w - 49 sling bullets
 H - 193 arrows
 I - 2 throwing nets
 L - 3 tomahawks
Armour
 b - a +2 leather armour of poison resistance
 m - a +0 plate armour (worn)
 N - a +0 buckler (worn)
Jewellery
 s - a ring of positive energy (left hand)
 t - a +3 ring of strength (right hand)
 u - an uncursed ring of fire
 A - an uncursed ring of teleportation
 B - an amulet of regeneration (around neck)
Wands
 k - a wand of disintegration (18/24)
 V - a wand of slowing (33/48)
Scrolls
 f - a scroll of fog {unknown}
 g - 2 scrolls of blinking {unknown}
 h - 2 scrolls of random uselessness {unknown}
 j - 5 scrolls of remove curse
 l - 4 scrolls of enchant armour {unknown}
 o - 3 scrolls of magic mapping
 p - a scroll of teleportation
 r - 2 scrolls of recharging {unknown}
 y - a scroll of enchant weapon {unknown}
 M - a scroll of amnesia {unknown}
 P - a scroll of torment {unknown}
 R - 2 scrolls of immolation {unknown}
 U - 2 scrolls of fear {unknown}
Potions
 e - 4 potions of heal wounds
 i - 3 potions of cancellation
 q - 2 potions of might
 v - 2 potions of flight
 x - 2 potions of agility
 z - 2 potions of invisibility
 D - 4 potions of brilliance
 E - 2 potions of curing {unknown}
 J - 2 potions of lignification {unknown}
 K - a potion of mutation {unknown}
 Q - a potion of resistance {unknown}
Comestibles
 a - 11 chunks of flesh
 c - 3 bread rations
 n - 3 meat rations
 S - a slice of pizza


   Skills:
 + Level 9.5 Fighting
 * Level 12.3 Axes
 + Level 8.7 Armour
 - Level 2.1 Dodging
 + Level 3.9 Shields


You had 9 spell levels left.
You didn't know any spells.

Dungeon Overview and Level Annotations

Branches:
Dungeon (9/15)             Temple (1/1) D:5
   Lair: D:8-11         Orc: D:9-12

Altars:
Ashenzari
Cheibriados
Dithmenos
Elyvilon
Fedhas
Gozag
Hepliaklqana
Kikubaaqudgha
Makhleb
Nemelex Xobeh
Okawaru
Qazlal
Ru
Sif Muna
Trog
Uskayaw
Vehumet
Xom
Yredelemnul
Zin
The Shining One

Shops:
D:4 =   D:5 (   D:6 %   D:7 }


Innate Abilities, Weirdness & Mutations

You reflexively headbutt those who attack you in melee.
You have a pair of horns on your head.
You are agile. (Dex +2)


Message History

You feel sick.
You block the four-headed hydra's attack.
The four-headed hydra bites you.
* * * LOW HITPOINT WARNING * * *
The four-headed hydra bites you but does no damage.
The four-headed hydra barely misses you.
The four-headed hydra completely misses you.
You furiously retaliate!
You headbutt the four-headed hydra! The four-headed hydra bites you.
* * * LOW HITPOINT WARNING * * *
The four-headed hydra bites you.
* * * LOW HITPOINT WARNING * * *
You block the four-headed hydra's attack.
As you read the scroll of teleportation, it crumbles to dust.
You feel strangely unstable. The four-headed hydra bites you.
* * * LOW HITPOINT WARNING * * *
The four-headed hydra bites you.
* * * LOW HITPOINT WARNING * * *
The four-headed hydra bites you.
You die...

#.#..##...#........
#.#<.##...#........
#.##.##...#.......[
#.........#........
#..#.##...#........
#..#(###.##...#####
#).%.....# ...
#.##.#.##### ..
#..D@††# #..##..#
#.. #..# #. #..# #.
#... # ...#. ...#.#
....# #


You could see a four-headed hydra.

Vanquished Creatures
  A hippogriff (D:5)
  The ghost of Megalobster the Conjurer, an amateur DECj (D:4)
  Sigmund (D:5)
  A wyvern (D:8)
  2 orc warriors
  3 sky beasts
  A black bear (D:6)
  2 ogres
  A phantom (D:8)
  4 centaurs
  A crocodile (D:3)
  3 elf zombies (Ossuary)
  6 bullfrogs
  3 scorpions
  4 killer bees (D:9)
  4 human zombies (Ossuary)
  3 bullfrog zombies
  6 crimson imps
  2 jellies (D:6)
  6 centaur zombies
  5 orc priests
  4 hounds
  5 orc wizards
  2 centaur skeletons (D:5)
  3 iguanas
  A worker ant (D:6)
  A hound zombie (D:6)
  A hound skeleton (D:5)
  3 mummies (Ossuary)
  11 adders
  2 shadow imps
  3 oozes
  2 adder skeletons
  2 worms (D:2)
  2 dart slugs (D:2)
  5 leopard geckos
  37 orcs
  4 bats (D:1)
  4 giant cockroaches
  8 goblins
  5 hobgoblins
  2 jackals (D:8)
  5 quokkas
  3 frilled lizards
  6 kobolds
  7 rats
188 creatures vanquished.

Notes
Turn   | Place    | Note
-------+----------+-------------------------------------------
     0 | D:1      | Megalobster the Minotaur Berserker began the quest for the Orb.
     0 | D:1      | Reached XP level 1. HP: 19/19 MP: 0/0
   308 | D:1      | Reached skill level 4 in Axes
   327 | D:1      | Reached XP level 2. HP: 6/27 MP: 1/1
   716 | D:1      | Reached XP level 3. HP: 21/33 MP: 2/2
  1109 | D:2      | Reached ** piety under Trog
  1109 | D:2      | Reached skill level 5 in Axes
  1142 | D:2      | HP: 1/49 [leopard gecko (4)]
  1147 | D:2      | HP: 1/33 [dart slug (3)]
  1339 | D:2      | Reached XP level 4. HP: 36/41 MP: 3/3
  1528 | D:2      | Found a white marble altar of Elyvilon.
  1683 | D:2      | Found an opulent altar of Gozag.
  1711 | D:2      | Found a faded altar of an unknown god.
  1711 | D:2      | Found a shadowy altar of Dithmenos.
  1716 | D:2      | Found a faded altar of an unknown god.
  1718 | D:2      | Found a faded altar of an unknown god.
  1720 | D:2      | Found a faded altar of an unknown god.
  1764 | D:2      | Found a glowing silver altar of Zin.
  1764 | D:2      | Found a sparkling altar of Nemelex Xobeh.
  1845 | D:3      | Reached skill level 6 in Axes
  1845 | D:3      | Reached XP level 5. HP: 39/47 MP: 4/4
  1900 | D:3      | Found a blossoming altar of Fedhas.
  2016 | D:3      | Noticed a crocodile
  2020 | D:3      | Killed a crocodile
  2020 | D:3      | Reached skill level 5 in Fighting
  2080 | D:3      | Found a shimmering altar of Xom.
  2094 | D:3      | Reached XP level 6. HP: 53/56 MP: 5/5
  2116 | D:3      | Reached skill level 7 in Axes
  2291 | D:3      | Found a burning altar of Makhleb.
  2505 | D:4      | Found Baisibb's Jewellery Shoppe.
  2545 | D:4      | Noticed a sky beast
  2555 | D:4      | Killed a sky beast
  2888 | D:4      | Noticed Megalobster's ghost (amateur DECj)
  2896 | D:4      | Killed Megalobster's ghost
  2896 | D:4      | Reached XP level 7. HP: 63/63 MP: 6/6
  2991 | D:4      | Reached skill level 8 in Axes
  3376 | D:5      | Entered Level 5 of the Dungeon
  3410 | D:5      | Reached skill level 5 in Armour
  3432 | D:5      | Noticed Sigmund
  3444 | D:5      | Killed Sigmund
  3444 | D:5      | Reached *** piety under Trog
  3557 | D:5      | Reached XP level 8. HP: 71/71 MP: 7/7
  3636 | D:5      | Noticed a hippogriff
  3654 | D:5      | Killed a hippogriff
  3654 | D:5      | Reached skill level 9 in Axes
  3735 | D:5      | Found a sparkling altar of Nemelex Xobeh.
  3959 | D:5      | Found a staircase to the Ecumenical Temple.
  3980 | Temple   | Entered the Ecumenical Temple
  4220 | D:5      | Found Leliuxal's Antique Weapon Shoppe.
  4225 | D:5      | Bought a glowing war axe for 218 gold pieces
  4407 | D:6      | Found a shattered altar of Ashenzari.
  4426 | D:6      | Found a sand-covered staircase.
  4444 | Ossuary  | Entered an ossuary
  4581 | Ossuary  | Reached skill level 10 in Axes
  4711 | D:6      | Reached XP level 9. HP: 46/81 MP: 8/8
  4711 | D:6      | Reached **** piety under Trog
  4907 | D:6      | Found Irobuiby's Food Shop.
  4913 | D:6      | Received a gift from Trog
  5166 | D:6      | Reached skill level 11 in Axes
  5166 | D:6      | Reached skill level 1 in Shields
  5440 | D:7      | Found Tepuoh's Gadget Shoppe.
  5647 | D:7      | Gained mutation: You are agile. (Dex +2) [mutagenic meat]
  5886 | D:8      | Found a stormy altar of Qazlal.
  6046 | D:8      | Reached skill level 12 in Axes
  6456 | D:8      | Reached XP level 10. HP: 91/91 MP: 9/9
  6650 | D:9      | Reached ***** piety under Trog
  6663 | D:9      | Noticed a four-headed hydra
  6670 | D:9      | HP: 2/91 [four-headed hydra (6)]
  6670 | D:9      | Slain by a four-headed hydra

Skill      XL: |  1  2  3  4  5  6  7  8  9 |
---------------+----------------------------+-----
Axes           | 4 5 6 7 8 10 12 | 12.3
Fighting       | 4 5 6 8 9 |  9.5
Armour         | 3 4 5 7 8 |  8.7
Shields        | 3 |  3.9
Dodging        | |  2.1

Action                   |  1- 3 |  4- 6 |  7- 9 | 10-12 || total
-------------------------+-------+-------+-------+-------++-------
Melee: Hand axe          |    54 |       |       |       ||    54
       Headbutt          |     9 |    12 |    64 |     6 ||    91
       War axe           |     3 |    92 |   267 |    27 ||   389
Throw: Stone             |     1 |     6 |    14 |       ||    21
Invok: Berserk           |     1 |     4 |     7 |     1 ||    13
       Trog's Hand       |     1 |     2 |     2 |     1 ||     6
  Use: Potion            |     1 |       |       |       ||     1
       Scroll            |       |       |     9 |     1 ||    10
  Eat: Chunk             |     2 |     7 |    12 |     1 ||    22
       Bread ration      |       |     1 |     1 |       ||     2
       Beef jerky        |       |       |     1 |       ||     1
Armor: Animal skin       |     6 |     2 |       |       ||     8
       Plate armour      |       |    43 |   162 |    30 ||   235
Dodge: Dodged            |    36 |    35 |   105 |    21 ||   197
Block: Buckler           |       |       |     2 |    15 ||    17
